 Dungeon Crawl Stone Soup version 0.30-a0-509-gd016549fea (webtiles) character file.

Game seed: 7720051430128764123

156 demibob the Ruffian (level 5, 0/41 HPs)
             Began as a Demonspawn Chaos Knight on Dec 23, 2022.
             Was a Plaything of Xom.
             Killed from afar by an orc wizard (6 damage)
             ... with a magic dart
             ... on level 4 of the Dungeon.
             The game lasted 00:04:32 (2168 turns).

demibob the Ruffian (Demonspawn Chaos Knight)       Turns: 2168, Time: 00:04:35

Health: 0/41       AC:  5    Str: 14    XL:     5   Next: 15%
Magic:  5/5        EV: 11    Int: 14    God:    Xom [*.....]
Gold:   153        SH:  0    Dex: 12    Spells: 4/4 levels left

rFire   . . .      SeeInvis .      - Unarmed
rCold   + . .      Faith    .    (no shield)
rNeg    . . .      Spirit   .    b - +2 leather armour
rPois   .          Reflect  .    (no helmet)
rElec   .          Harm     .    (no cloak)
rCorr   .          Rampage  .    (no gloves)
Will    .....                    (no boots)
Stlth   +.........               (no amulet)
HPRegen 0.26/turn                (no ring)
MPRegen 0.09/turn                (no ring)

@: on berserk cooldown, slowed, very slow
A: claws 2, powered by death 1, cold resistance 1, screaming 1
a: Renounce Religion


You were on level 4 of the Dungeon.
You worshipped Xom.
You were a special plaything of Xom.
You visited 1 branch of the dungeon, and saw 4 of its levels.

You collected 153 gold pieces.


Innate Abilities, Weirdness & Mutations

You have very sharp fingernails.
You regenerate a little health from kills.
Your flesh is cold resistant. (rC+)
You occasionally shout uncontrollably at your foes.


   Skills:
 - Level 3.0 Fighting
 - Level 3.2 Polearms
 - Level 1.7 Armour
 - Level 0.8 Dodging
 + Level 4.0 Unarmed Combat


You had 4 spell levels left.
You didn't know any spells.
Your spell library contained the following spells:

 Spells                   Type           Power      Damage    Failure   Level
 Beastly Appendage        Tmut           0%         N/A       34%         1
 Wereblood                Tmut           0%         N/A       47%         2
 Spider Form              Tmut/Pois      0%         N/A       71%         3

Inventory:

Hand Weapons
 a - a +1 spear of chaos
Armour
 b - a +2 leather armour (worn)
Scrolls
 l - 2 scrolls of magic mapping
 p - a scroll of fog
Potions
 d - a potion of lignification
 g - 2 potions of brilliance
Miscellaneous
 c - a piece from Xom's chessboard (15/15) (quivered)

Dungeon Overview and Level Annotations

Branches:
Dungeon (4/15)
 Temple: D:4-7

Altars:
Ashenzari
Gozag
Ru
Vehumet

Shops:
D:2

( #...........o...
#.###..........#
### ###.......#
.........#########
.........#........
#.....##.#
##.....#.# ░░
#......o)#..░...
##.......@.....⚑?
#............░...
#..........#.░░
#...........#..░
............#....
............# ####
............#
............#
...........#


You could see an orc wizard.


Message History

You hear some strange, mumbled words.
A puff of flame appears from out of thin air!
The puff of flame hits you!
You barely miss something. Something hits you.
* * * LOW HITPOINT WARNING * * *
Okay, then.
You scratch something but do no damage.
You feel a little less agile now. Something hits you but does no damage.
You hear some strange, mumbled words.
A magic dart appears from out of thin air!
The magic dart hits you.
* * * LOW HITPOINT WARNING * * *
You miss something. Something hits you but does no damage.
Unknown command.
You scratch something.
An orc wizard appears from thin air!
Reactivating autopickup.
The orc wizard points at you and mumbles some strange words.
The puff of flame hits you!
* * * LOW HITPOINT WARNING * * *
The orc wizard hits you but does no damage.
You closely miss the orc wizard.
The orc wizard is almost dead.
The orc wizard closely misses you.
You closely miss the orc wizard.
The orc wizard is almost dead.
The orc wizard gestures at you while chanting.
The magic dart hits you.
You die... "It was about time."

Skill      XL: |  1  2  3  4 |
---------------+-------------+-----
Polearms       | 3 |  3.2
Unarmed Combat | 1 2 4 |  4.0
Fighting       | |  3.0
Armour         | |  1.7
Dodging        | |  0.8

Action                   |  1- 3 |  4- 6 || total
-------------------------+-------+-------++-------
Melee: Spear             |   111 |    30 ||   141
       Punch             |     2 |     2 ||     4
       Unarmed           |       |    79 ||    79
  Use: Scroll            |       |     9 ||     9
       Potion            |       |     4 ||     4
 Stab: Sleeping          |     5 |       ||     5
       Invisible         |       |     1 ||     1
Armor: Leather armour    |    21 |    37 ||    58
       Skin              |       |     8 ||     8
Dodge: Dodged            |    41 |    44 ||    85

Levels and vault maps discovered:
D:1:      lightli_arrival_flooded_house, layout_loops_ring
D:2:      layout_loops_ring, hellmonk_ecumenical_altar_watching_god,
          basic_altar, serial_shops, shop
D:3:      layout_basic, nicolae_overflow_hidden_temple,
          nicolae_ru_sacrificial_ziggurat, tgw_trog
D:4:      minmay_evil_eye, layout_layer_cave, kennysheep_mini, vehumet_crystals,
          nicolae_shop_unique_rings, minmay_misc_feat_enclosed, uniq_edmund

Notes
Turn   | Place    | Note
-------+----------+-------------------------------------------
     0 | D:1      | demibob the Demonspawn Chaos Knight began the quest for the
                  | Orb.
     0 | D:1      | Reached XP level 1. HP: 18/18 MP: 1/1
    62 | D:1      | Reached skill level 3 in Polearms
   109 | D:1      | Gained mutation: You have sharp fingernails. [demonic
                  | ancestry]
   109 | D:1      | Reached XP level 2. HP: 24/24 MP: 2/2
   163 | D:1      | XOM: divination: magic mapping
   267 | D:1      | Reached skill level 1 in Unarmed Combat
   272 | D:1      | XOM: potion effect (curing)
   464 | D:1      | Gained mutation: You regenerate a little health from kills.
                  | [demonic ancestry]
   464 | D:1      | Reached XP level 3. HP: 29/29 MP: 3/3
   472 | D:1      | XOM: divination: detect creatures
   551 | D:2      | XOM: silly message
   586 | D:2      | Reached skill level 2 in Unarmed Combat
   586 | D:2      | XOM: divination: magic mapping
   644 | D:2      | XOM: cloud trail
   669 | D:2      | XOM: divination: detect items
   763 | D:2      | Found a broken altar of Ashenzari.
   956 | D:2      | Noticed a golden eye
   959 | D:2      | Found a faded altar of an unknown god.
   961 | D:2      | Noticed an eye of devastation
   961 | D:2      | Noticed a golden eye
   961 | D:2      | Noticed a floating eye
  1003 | D:2      | Found Xist's Weapon Shoppe.
  1033 | D:2      | Reached XP level 4. HP: 25/35 MP: 4/4
  1358 | D:3      | XOM: silly message
  1373 | D:3      | Reached skill level 3 in Unarmed Combat
  1375 | D:3      | XOM: smoke on damage
  1546 | D:3      | Found an opulent altar of Gozag.
  1604 | D:3      | Found a sacrificial altar of Ru.
  1930 | D:3      | XOM: 3-stop teleportation journey
  2099 | D:4      | XOM: 1-stop teleportation journey
  2104 | D:4      | Found a radiant altar of Vehumet.
  2112 | D:4      | XOM: chaos cloud
  2120 | D:4      | XOM: butterfly on damage
  2121 | D:4      | HP: 3/52 [orc priest/divine providence (9)]
  2127 | D:4      | XOM: potion effect (heal wounds)
  2132 | D:4      | Gained mutation: Your flesh is cold resistant. (rC+)
                  | [potion of mutation]
  2132 | D:4      | Gained mutation: You occasionally shout uncontrollably at
                  | your foes. [potion of mutation]
  2139 | D:4      | Reached skill level 4 in Unarmed Combat
  2139 | D:4      | Gained mutation: You have very sharp fingernails. [demonic
                  | ancestry]
  2139 | D:4      | Reached XP level 5. HP: 33/41 MP: 5/5
  2168 | D:4      | Killed from afar by an orc wizard

Vanquished Creatures
  An orc priest (D:4)
  An orc wizard (D:4)
  4 adders
  A gnoll (D:1)
  A dart slug (D:1)
  6 orcs
  3 endoplasms
  A goblin (D:2)
  6 hobgoblins
  3 jackals (D:2)
  3 quokkas
  6 ball pythons
  5 bats
  5 frilled lizards
  3 kobolds
  3 rats (D:1)
52 creatures vanquished.

Vanquished Creatures (others)
  An orc (D:4)
1 creature vanquished.

Grand Total: 53 creatures vanquished

Table legend: (Time is in decaauts)
 A = Elapsed time spent in this place.
 B = Non-inter-level travel time spent in this place.
 C = Inter-level travel time spent in this place.
 D = Time resting spent in this place.
 E = Time spent auto-exploring this place.
 F = Levels seen in this place.
 G = Mean time per level.
                   A        B        C        D        E       F      G
               +--------+--------+--------+--------+--------+-----+--------+
         Total |   2153 |   2086 |     67 |    100 |   1553 |   4 |  538.2 |
       Dungeon |   2153 |   2086 |     67 |    100 |   1553 |   4 |  538.2 |
               +--------+--------+--------+--------+--------+-----+--------+

Top non-repeatable levels by time:
     D:3: 767 daAuts
     D:2: 755 daAuts
     D:1: 543 daAuts
     D:4: 87 daAuts

Table legend:
 A = Non-vault XP
 B = Vault XP
 C = Vault XP percentage of total XP
 D = Non-vault monster count
 E = Vault monster count
 F = Vault count percentage of total count
                 A         B        C        D         E       F
            +---------+---------+-------+---------+---------+-------
      Total |     224 |       0 |   0.0 |      52 |       0 |   0.0
            +---------+---------+-------+---------+---------+-------
        D:1 |      44 |       0 |   0.0 |      18 |       0 |   0.0
        D:2 |      59 |       0 |   0.0 |      16 |       0 |   0.0
        D:3 |      39 |       0 |   0.0 |      13 |       0 |   0.0
        D:4 |      82 |       0 |   0.0 |       5 |       0 |   0.0
            +---------+---------+-------+---------+---------+-------
